TOP OF THE 1ST |
Indianapolis Indians batting - Pitching for Colorado Springs Sky Sox : RHP Yasushi Osumi
|
Pitching: RHP Yasushi Osumi
|
|
Batting: RHB Bubba Tierney
|
0-0: Ball 1-0: Ball 2-0: Ground out 6-3 (Groundball, 6, EV 80.6 MPH)
|
Batting: RHB Hugo Zacarias
|
0-0: Called Strike 0-1: Ball 1-1: Foul Ball, location: 2F 1-2: Strikes out swinging
|
Batting: RHB Alain Marquet
|
0-0: Foul Ball, location: 2F 0-1: Ball 1-1: Ball 2-1: SINGLE (Groundball, 6MD, EV 98.8 MPH)
|
Batting: LHB Phil DeCamp
|
0-0: Ball 1-0: Ground out 4-3 (Groundball, 4, EV 88.1 MPH)
|
Top of the 1st over - 0 runs, 1 hit, 0 errors, 1 left on base; Indianapolis 0 - Colorado Springs 0 |
BOTTOM OF THE 1ST |
Colorado Springs Sky Sox batting - Pitching for Indianapolis Indians : RHP Curt Campbell
|
Pitching: RHP Curt Campbell
|
|
Batting: LHB Steve Gilliam
|
0-0: Ball 1-0: Fly out, F9 (Flyball, 9LD, EV 91.9 MPH)
|
Batting: RHB Juan Figueroa
|
0-0: Ball 1-0: SINGLE (Groundball, 6S, EV 69.4 MPH) (infield hit)
|
Batting: LHB Michael Krott
|
0-0: Ball Juan Figueroa steals 2nd base (no throw) 1-0: Called Strike 1-1: Called Strike 1-2: Ball 2-2: Strikes out swinging
|
Batting: RHB Eric Delgado
|
0-0: Called Strike 0-1: Foul Ball, location: 2F 0-2: Foul Ball, location: 2F 0-2: Ball 1-2: Ball 2-2: Foul Ball, location: 2F 2-2: Ground out 6-3 (Groundball, 6S, EV 76.9 MPH)
|
Bottom of the 1st over - 0 runs, 1 hit, 0 errors, 1 left on base; Indianapolis 0 - Colorado Springs 0 |
TOP OF THE 2ND |
Indianapolis Indians batting - Pitching for Colorado Springs Sky Sox : RHP Yasushi Osumi
|
Batting: LHB Jorge Quintana
|
0-0: Called Strike 0-1: Ball 1-1: SINGLE (Groundball, 34D, EV 95.0 MPH)
|
Batting: RHB Richard Barrios
|
0-0: Ball 1-0: Ball 2-0: Foul Ball, location: 2F 2-1: Reached on error, E1 (Groundball, 13S, EV 63.1 MPH) Jorge Quintana to second
|
Batting: LHB Gregg Kellerman
|
0-0: Grounds into double play, 1-6-3 (Groundball, 13S, EV 68.8 MPH) Jorge Quintana to third
|
Batting: RHB Hector Barajas
|
0-0: Ball 1-0: Ball 2-0: DOUBLE (Flyball, 89D, EV 100.6 MPH) Jorge Quintana scores
|
Batting: RHB Robby Poyfair
|
0-0: Foul Ball, location: 2F 0-1: Swinging Strike 0-2: Ball 1-2: Ball 2-2: Foul Ball, location: 2F 2-2: Ball 3-2: Strikes out swinging
|
Top of the 2nd over - 1 run, 2 hits, 1 error, 1 left on base; Indianapolis 1 - Colorado Springs 0 |
BOTTOM OF THE 2ND |
Colorado Springs Sky Sox batting - Pitching for Indianapolis Indians : RHP Curt Campbell
|
Batting: LHB Mick Tucker
|
0-0: Ball 1-0: Ball 2-0: Ground out 4-3 (Groundball, 4, EV 110.0 MPH)
|
Batting: RHB Pei Xie
|
0-0: Foul Ball, location: 2F 0-1: SINGLE (Line Drive, 3D, EV 106.2 MPH)
|
Batting: RHB John Boyer
|
0-0: Ball 1-0: Called Strike 1-1: Called Strike 1-2: Ball 2-2: Foul Ball, location: 2F 2-2: Strikes out swinging
|
Batting: RHB Zakhar Edelman
|
0-0: Ball 1-0: Called Strike 1-1: Ball 2-1: SINGLE (Line Drive, 4D, EV 95.6 MPH) Pei Xie to second
|
Batting: RHB Kevin Tangeman
|
0-0: Ball 1-0: Ball 2-0: Called Strike 2-1: Called Strike 2-2: Ball 3-2: Strikes out swinging
|
Bottom of the 2nd over - 0 runs, 2 hits, 0 errors, 2 left on base; Indianapolis 1 - Colorado Springs 0 |
TOP OF THE 3RD |
Indianapolis Indians batting - Pitching for Colorado Springs Sky Sox : RHP Yasushi Osumi
|
Batting: RHB Bubba Tierney
|
0-0: Ball 1-0: Ball 2-0: Ball 3-0: Called Strike 3-1: Foul Ball, location: 2F 3-2: Foul Ball, location: 2F 3-2: Foul Ball, location: 2F 3-2: Fly out, F7 (Flyball, 7, EV 91.9 MPH)
|
Batting: RHB Hugo Zacarias
|
0-0: Ball 1-0: Ball 2-0: Called Strike 2-1: Ball 3-1: Base on Balls
|
Batting: RHB Alain Marquet
|
0-0: Ball 1-0: Called Strike 1-1: Foul Ball, location: 2F 1-2: Foul Ball, location: 2F 1-2: Ball 2-2: Ground out 5-3 (Groundball, 56S, EV 68.1 MPH) Hugo Zacarias to second
|
Batting: LHB Phil DeCamp
|
0-0: Called Strike 0-1: Ground out 1-3 (Groundball, 15S, EV 74.4 MPH)
|
Top of the 3rd over - 0 runs, 0 hits, 0 errors, 1 left on base; Indianapolis 1 - Colorado Springs 0 |
BOTTOM OF THE 3RD |
Colorado Springs Sky Sox batting - Pitching for Indianapolis Indians : RHP Curt Campbell
|
Batting: LHB Steve Gilliam
|
0-0: SINGLE (Groundball, 4MD, EV 108.1 MPH)
|
Batting: RHB Juan Figueroa
|
0-0: Called Strike 0-1: Ball 1-1: Foul Ball, location: 2F 1-2: Ground out 6-3 (Groundball, 6, EV 87.5 MPH) Steve Gilliam to second
|
Batting: LHB Michael Krott
|
0-0: Ball 1-0: Swinging Strike 1-1: Fly out, F4 (Flyball, 4D, EV 95.0 MPH)
|
Batting: RHB Eric Delgado
|
0-0: Ball 1-0: Foul Ball, location: 2F 1-1: Called Strike 1-2: Fly out, F7 (Flyball, 7LS, EV 91.9 MPH)
|
Bottom of the 3rd over - 0 runs, 1 hit, 0 errors, 1 left on base; Indianapolis 1 - Colorado Springs 0 |
TOP OF THE 4TH |
Indianapolis Indians batting - Pitching for Colorado Springs Sky Sox : RHP Yasushi Osumi
|
Batting: LHB Jorge Quintana
|
0-0: SINGLE (Groundball, 4D, EV 106.9 MPH)
|
Batting: RHB Richard Barrios
|
0-0: Ball 1-0: Foul Ball, location: 2F 1-1: Fielders Choice at 2nd, 5-4 (Groundball, 5L, EV 87.5 MPH)
|
Batting: LHB Gregg Kellerman
|
0-0: Called Strike 0-1: Ball 1-1: Swinging Strike 1-2: Strikes out swinging
|
Batting: RHB Hector Barajas
|
0-0: Called Strike 0-1: Ball 1-1: Fly out, F8 (Flyball, 8LD, EV 98.8 MPH)
|
Top of the 4th over - 0 runs, 1 hit, 0 errors, 1 left on base; Indianapolis 1 - Colorado Springs 0 |
BOTTOM OF THE 4TH |
Colorado Springs Sky Sox batting - Pitching for Indianapolis Indians : RHP Curt Campbell
|
Batting: LHB Mick Tucker
|
0-0: SINGLE (Groundball, 4MD, EV 95.0 MPH)
|
Batting: RHB Pei Xie
|
0-0: Called Strike 0-1: Ball 1-1: Ball 2-1: Ball 3-1: Called Strike 3-2: Base on Balls Mick Tucker to second
|
Batting: RHB John Boyer
|
0-0: Ball 1-0: Ball 2-0: Called Strike 2-1: Ball 3-1: Foul Ball, location: 2F 3-2: Base on Balls Mick Tucker to third Pei Xie to second
|
Batting: RHB Zakhar Edelman
|
0-0: Ball 1-0: Foul Ball, location: 2F 1-1: Ball 2-1: Called Strike 2-2: Grounds into double play, 4-6-3 (Groundball, 4, EV 83.1 MPH) Mick Tucker scores Pei Xie to third
|
Batting: RHB Kevin Tangeman
|
0-0: Ball 1-0: Swinging Strike 1-1: Foul Ball, location: 2F 1-2: Foul Ball, location: 2F 1-2: Strikes out swinging
|
Bottom of the 4th over - 1 run, 1 hit, 0 errors, 1 left on base; Indianapolis 1 - Colorado Springs 1 |
TOP OF THE 5TH |
Indianapolis Indians batting - Pitching for Colorado Springs Sky Sox : RHP Yasushi Osumi
|
Batting: RHB Robby Poyfair
|
0-0: Swinging Strike 0-1: Swinging Strike 0-2: Ball 1-2: Ball 2-2: Ball 3-2: SOLO HOME RUN (Flyball, 78XD, EV 113.1 MPH), Distance : 414 ft
|
Batting: RHB Bubba Tierney
|
0-0: Reached on error, E6 (Groundball, 6, EV 84.4 MPH)
|
Batting: RHB Hugo Zacarias
|
0-0: Called Strike 0-1: Ball Bubba Tierney steals 2nd, throwing error, E2 Bubba Tierney to third 1-1: Ball 2-1: Ball 3-1: Ground out 4-3 (Groundball, 4, EV 90.6 MPH)
|
Batting: RHB Alain Marquet
|
0-0: Ball 1-0: Called Strike 1-1: Fly out, F9 (Flyball, 9S, EV 95.0 MPH)
|
Batting: LHB Phil DeCamp
|
0-0: Ball 1-0: Ball 2-0: Called Strike 2-1: Ball 3-1: Called Strike 3-2: Base on Balls
|
Batting: LHB Jorge Quintana
|
0-0: Ball 1-0: Ball 2-0: Ground out 4-3 (Groundball, 4, EV 99.4 MPH)
|
Top of the 5th over - 1 run, 1 hit, 2 errors, 2 left on base; Indianapolis 2 - Colorado Springs 1 |
BOTTOM OF THE 5TH |
Colorado Springs Sky Sox batting - Pitching for Indianapolis Indians : RHP Curt Campbell
|
Batting: LHB Steve Gilliam
|
0-0: Called Strike 0-1: Ball 1-1: Called Strike 1-2: Strikes out swinging
|
Batting: RHB Juan Figueroa
|
0-0: Ball 1-0: Ball 2-0: Called Strike 2-1: Fly out, F3 (Popup, 3SF, EV 73.1 MPH)
|
Batting: LHB Michael Krott
|
0-0: Ball 1-0: Called Strike 1-1: Ground out U3 (Groundball, 34S, EV 90.0 MPH)
|
Bottom of the 5th over - 0 runs, 0 hits, 0 errors, 0 left on base; Indianapolis 2 - Colorado Springs 1 |
TOP OF THE 6TH |
Indianapolis Indians batting - Pitching for Colorado Springs Sky Sox : RHP Yasushi Osumi
|
Batting: RHB Richard Barrios
|
0-0: Ground out 5-3 (Groundball, 56S, EV 85.0 MPH)
|
Batting: LHB Gregg Kellerman
|
0-0: Ground out U3 (Groundball, 3L, EV 77.5 MPH)
|
Batting: RHB Hector Barajas
|
0-0: DOUBLE (Line Drive, 78D, EV 101.2 MPH)
|
Batting: RHB Robby Poyfair
|
0-0: Ball 1-0: Ground out 6-3 (Groundball, 6MD, EV 103.8 MPH)
|
Top of the 6th over - 0 runs, 1 hit, 0 errors, 1 left on base; Indianapolis 2 - Colorado Springs 1 |
BOTTOM OF THE 6TH |
Colorado Springs Sky Sox batting - Pitching for Indianapolis Indians : RHP Curt Campbell
|
Batting: RHB Eric Delgado
|
0-0: Ball 1-0: Ball 2-0: Ball 3-0: Base on Balls
|
Batting: LHB Mick Tucker
|
0-0: Ground out 6-3 (Groundball, 4MS, EV 72.5 MPH) Eric Delgado to second
|
Batting: RHB Pei Xie
|
0-0: Ball 1-0: Ball 2-0: Called Strike 2-1: Fly out, F7 (Line Drive, 78M, EV 86.9 MPH)
|
Batting: RHB John Boyer
|
0-0: Ball 1-0: Ball 2-0: Fly out, F8 (Line Drive, 89M, EV 92.5 MPH)
|
Bottom of the 6th over - 0 runs, 0 hits, 0 errors, 1 left on base; Indianapolis 2 - Colorado Springs 1 |
TOP OF THE 7TH |
Indianapolis Indians batting - Pitching for Colorado Springs Sky Sox : RHP Yasushi Osumi
|
Batting: RHB Bubba Tierney
|
0-0: Swinging Strike 0-1: Foul Ball, location: 2F 0-2: Ball 1-2: Foul Ball, location: 2F 1-2: Strikes out swinging
|
Pitching: LHP Eric Zielinski
|
|
Batting: RHB Hugo Zacarias
|
0-0: Called Strike 0-1: Ball 1-1: Called Strike 1-2: SOLO HOME RUN (Flyball, 78XD, EV 105.6 MPH), Distance : 412 ft
|
Batting: RHB Alain Marquet
|
0-0: Ground out 5-3 (Groundball, 56D, EV 85.0 MPH)
|
Batting: LHB Phil DeCamp
|
0-0: Called Strike 0-1: Ball 1-1: Ball 2-1: Ball 3-1: Foul Ball, location: 2F 3-2: Foul Ball, location: 2F 3-2: Base on Balls
|
Batting: LHB Jorge Quintana
|
0-0: Ground out 6-3 (Groundball, 4M, EV 105.6 MPH)
|
Top of the 7th over - 1 run, 1 hit, 0 errors, 1 left on base; Indianapolis 3 - Colorado Springs 1 |
BOTTOM OF THE 7TH |
Colorado Springs Sky Sox batting - Pitching for Indianapolis Indians : RHP Curt Campbell
|
Batting: RHB Zakhar Edelman
|
0-0: Called Strike 0-1: Called Strike 0-2: Foul Ball, location: 2F 0-2: Ground out 5-3 (Groundball, 56S, EV 88.1 MPH)
|
Batting: RHB Kevin Tangeman
|
0-0: Swinging Strike 0-1: Ball 1-1: Ball 2-1: Ball 3-1: Base on Balls
|
Pitching: RHP Tony Acevedo
|
|
Batting: LHB Steve Gilliam
|
0-0: Ball 1-0: Ball 2-0: Grounds into double play, 4-6-3 (Groundball, 4, EV 103.1 MPH)
|
Bottom of the 7th over - 0 runs, 0 hits, 0 errors, 0 left on base; Indianapolis 3 - Colorado Springs 1 |
TOP OF THE 8TH |
Indianapolis Indians batting - Pitching for Colorado Springs Sky Sox : LHP Eric Zielinski
|
Pitching: RHP Jim Micaletti
|
|
Batting: RHB Richard Barrios
|
0-0: Fly out, F7 (Flyball, 7D, EV 91.9 MPH)
|
Batting: LHB Gregg Kellerman
|
0-0: Ball 1-0: Ball 2-0: Foul Ball, location: 2F 2-1: Swinging Strike 2-2: Foul Ball, location: 2F 2-2: Strikes out swinging
|
Batting: RHB Hector Barajas
|
0-0: Ball 1-0: Ball 2-0: Ball 3-0: Called Strike 3-1: Called Strike 3-2: Fly out, F7 (Flyball, 7, EV 90.0 MPH)
|
Top of the 8th over - 0 runs, 0 hits, 0 errors, 0 left on base; Indianapolis 3 - Colorado Springs 1 |
BOTTOM OF THE 8TH |
Colorado Springs Sky Sox batting - Pitching for Indianapolis Indians : RHP Tony Acevedo
|
Batting: RHB Juan Figueroa
|
0-0: Ball 1-0: Swinging Strike 1-1: TRIPLE (Line Drive, 89XD, EV 101.2 MPH)
|
Batting: LHB Michael Krott
|
0-0: Called Strike 0-1: Fly out, F8 (Flyball, 89M, EV 91.2 MPH)
|
Batting: RHB Eric Delgado
|
0-0: Ball 1-0: Ball 2-0: Called Strike 2-1: Foul Ball, location: 2F 2-2: Foul Ball, location: 2F 2-2: Ground out 4-3 (Groundball, 4, EV 93.8 MPH) Juan Figueroa scores
|
Batting: LHB Mick Tucker
|
0-0: Ball 1-0: Called Strike 1-1: Fly out, F2 (Popup, 15S, EV 93.8 MPH)
|
Bottom of the 8th over - 1 run, 1 hit, 0 errors, 0 left on base; Indianapolis 3 - Colorado Springs 2 |
TOP OF THE 9TH |
Indianapolis Indians batting - Pitching for Colorado Springs Sky Sox : RHP Jim Micaletti
|
Pitching: LHP Armando Florez
|
|
Batting: RHB Robby Poyfair
|
0-0: Foul Ball, location: 2F 0-1: Foul Ball, location: 2F 0-2: Ball 1-2: SINGLE (Line Drive, 6D, EV 104.4 MPH)
|
Batting: RHB Bubba Tierney
|
0-0: Sac Bunt to 25 - play at first, batter OUT! 5-3 Robby Poyfair to second
|
Batting: RHB Hugo Zacarias
|
0-0: SINGLE (Line Drive, 3D, EV 104.4 MPH) Robby Poyfair to third Runner from 3rd tries for Home, throw by RF and OUT! 9-2
|
Batting: RHB Alain Marquet
|
0-0: Foul Ball, location: 2F 0-1: Ball 1-1: Called Strike 1-2: Strikes out swinging
|
Top of the 9th over - 0 runs, 2 hits, 0 errors, 1 left on base; Indianapolis 3 - Colorado Springs 2 |
BOTTOM OF THE 9TH |
Colorado Springs Sky Sox batting - Pitching for Indianapolis Indians : RHP Tony Acevedo
|
Pitching: RHP Hugo Rodriguez
|
|
Now in LF: Carlos Vega
|
|
Now in RF: Hugo Zacarias
|
|
Pinch Hitting: SHB Chris Besselman
|
0-0: Ball 1-0: Ball 2-0: Ball 3-0: Base on Balls
|
Pinch Hitting: LHB Luke Coulter
|
0-0: Bunted foul 0-1: Bunted foul 0-2: Ball 1-2: Ball 2-2: Ball 3-2: Fly out, F8 (Flyball, 8RS, EV 89.4 MPH)
|
Batting: RHB Zakhar Edelman
|
0-0: Foul Ball, location: 2F 0-1: Ball 1-1: Fielders Choice at 2nd, 6-4 (Groundball, 6, EV 110.0 MPH)
|
Batting: RHB Kevin Tangeman
|
0-0: Foul Ball, location: 2F 0-1: Ball 1-1: Ball 2-1: Called Strike 2-2: Foul Ball, location: 2F 2-2: Foul Ball, location: 2F 2-2: Strikes out swinging
|
Bottom of the 9th over - 0 runs, 0 hits, 0 errors, 1 left on base; Indianapolis 3 - Colorado Springs 2 |
|